 Dungeon Crawl Stone Soup version 0.19.1 (webtiles) character file.

250 dobroeutro the Archer (level 5, -11/41 HPs)
             Began as a Centaur Hunter on Nov 24, 2016.
             Was a Follower of Okawaru.
             Mangled by Eustachio
             ... wielding a +2 rapier of electrocution
              (13 damage)
             ... on level 4 of the Dungeon on Nov 26, 2016.
             The game lasted 00:06:15 (3472 turns).

dobroeutro the Archer (Centaur Hunter)              Turns: 3472, Time: 00:06:16

Health: -11/41     AC:  7    Str: 15      XL:     5   Next: 88%
Magic:  5/5        EV:  7    Int:  9 (10) God:    Okawaru [*.....]
Gold:   144        SH:  0    Dex:  9 (10) Spells: 0 memorised, 4 levels left

rFire  . . .     SeeInvis .     a - +1 shortbow
rCold  + . .     Gourm    .     q - +1 scale mail {rF+}
rNeg   . . .     Faith    .     (shield currently unavailable)
rPois  .         Spirit   .     (no helmet)
rElec  .         Reflect  .     (no cloak)
rCorr  .         Harm     .     (no gloves)
MR     .....                    (no barding)
Stlth  ..........               (no amulet)
                                (no ring)
                                b - ring of ice

@: very slightly contaminated, invisible, very quick
A: hooves 3, deformed body, speed 2, tough skin 3
a: Heroism, Renounce Religion


You were on level 4 of the Dungeon.
You worshipped Okawaru.
Okawaru was aware of your devotion.
You were very hungry.

You visited 1 branch of the dungeon, and saw 4 of its levels.

You collected 144 gold pieces.

Inventory:

Hand Weapons
 a - a +1 shortbow (weapon)
 w - a +2 dagger of speed
 x - a +1 dagger of venom
Missiles
 d - 20 arrows (quivered)
Armour
 q - a +1 scale mail of fire resistance (worn)
Jewellery
 b - a ring of ice (left hand)
Scrolls
 e - a scroll of enchant weapon {unknown}
 l - 3 scrolls of teleportation {unknown}
 n - 5 scrolls of identify {unknown}
 o - a scroll of fear {unknown}
 p - 4 scrolls of remove curse {unknown}
 s - a scroll of enchant armour {unknown}
 y - a scroll of noise {unknown}
Potions
 g - a potion of cure mutation {unknown}
 i - a potion of degeneration
 k - a potion of curing
 r - a potion of agility {unknown}
 t - a potion of mutation {unknown}
 u - a potion of heal wounds {unknown}
 v - 2 potions of flight {unknown}
Comestibles
 c - 3 slices of pizza
 f - 4 bread rations
 h - a royal jelly
 j - 3 beef jerkies
 z - a meat ration


   Skills:
 - Level 2.0 Fighting
 + Level 9.4 Bows
 - Level 1.3 Dodging
 - Level 0.4 Stealth


You had 4 spell levels left.
You didn't know any spells.

Dungeon Overview and Level Annotations

Branches:
Dungeon (4/15)
 Temple: D:4-7

Altars:
Ashenzari
Okawaru
Vehumet
Yredelemnul

Annotations:
D:4 Eustachio


Innate Abilities, Weirdness & Mutations

You have hooves in place of feet.
Armour fits poorly on your strangely shaped body.
You cover ground very quickly.
You have extremely tough skin. (AC +3)


Message History

The quasit barely misses you. The quasit closely misses you.
The quasit barely misses you.
The quasit bites you but does no damage.
The quasit closely misses you. The quasit barely misses you.
The crimson imp hits you.
* * * LOW HITPOINT WARNING * * *
Unknown command.
Firing (i - inventory):
d - 21 arrows (quivered)
Press: ? - help, Shift-Dir - straight line, f/p - Eustachio
Aim: Eustachio, wielding a rapier of electrocution, wearing a leather armour and carrying a wand of flame {zapped: 9} (severely wounded)
You shoot an arrow. The arrow hits Eustachio!
Eustachio is almost dead.
The quasit bites you but does no damage.
The quasit barely misses you. x3
The quasit claws you but does no damage.
The quasit barely misses you.
Eustachio hits you with a rapier of electrocution.
* * * LOW HITPOINT WARNING * * *
You are electrocuted!
You die...

#..###.# ##.....### #. ....##.#
###.### #. #.#.##.# ##.## #.##
#......# #...# #..# ##.#.###
#...# ####.#### ...#...##
#...######.(.....# ###
...#..W.####(...(.((((.(.(..# #@.
#.#####.........55)#...#(##(###W.
.. #............@5((..(#.##(((...
.. #.#.#...(.....@(#..##.##.###..
#. # #.#####...#####..##.##.# #..
.. #.........((.....# ### ###
#...#########[#### #...# #.#
##.## #)# #.......# #.# #.##.##.#
#..


You could see Eustachio, 2 quasits and a crimson imp.

Vanquished Creatures
  A phantom (D:4)
  An orc wizard (D:4)
  Terence (D:2)
  2 adders
  An ooze (D:2)
  3 worms (D:2)
  2 dart slugs
  4 leopard geckos
  4 orcs
  2 giant cockroaches
  9 goblins
  2 hobgoblins
  11 jackals
  8 kobolds
  A quokka (D:4)
  A ball python (D:4)
  6 bats
  A frilled lizard (D:3)
  5 rats
65 creatures vanquished.

Notes
Turn   | Place    | Note
-------+----------+-------------------------------------------
     0 | D:1      | dobroeutro the Centaur Hunter began the quest for the Orb.
     0 | D:1      | Reached XP level 1. HP: 17/17 MP: 1/1
   196 | D:1      | Reached XP level 2. HP: 10/24 MP: 2/2
   440 | D:1      | Reached skill level 6 in Bows
   789 | D:2      | Noticed Terence
   902 | D:2      | Killed Terence
   902 | D:2      | Reached skill level 7 in Bows
   902 | D:2      | Reached XP level 3. HP: 13/29 MP: 3/3
  1266 | D:2      | Found an iron altar of Okawaru.
  1318 | D:2      | Became a worshipper of Warmaster Okawaru
  1378 | D:2      | Reached XP level 4. HP: 31/36 MP: 4/4
  2206 | D:3      | Reached skill level 8 in Bows
  2288 | D:3      | Found a shattered altar of Ashenzari.
  2754 | D:4      | Reached XP level 5. HP: 40/41 MP: 5/5
  2802 | D:4      | Noticed a phantom
  2813 | D:3      | Found a radiant altar of Vehumet.
  2853 | D:4      | Noticed Eustachio
  3264 | D:4      | Found a basalt altar of Yredelemnul.
  3319 | D:4      | Killed a phantom
  3319 | D:4      | Reached * piety under Okawaru
  3319 | D:4      | Reached skill level 9 in Bows
  3462 | D:4      | HP: 2/41 [Eustachio/rapier of electrocution (17)]
  3472 | D:4      | HP: 2/41 [Eustachio/rapier of electrocution (1)]
  3472 | D:4      | Mangled by Eustachio

Skill      XL: |  1  2  3  4  5 |
---------------+----------------+-----
Bows           | 7 8 9 |  9.4
Fighting       | |  2.0
Dodging        | |  1.3
Stealth        | |  0.4

Action                   |  1- 3 |  4- 6 || total
-------------------------+-------+-------++-------
Melee: Short sword       |    91 |    42 ||   133
       Kick              |    14 |    21 ||    35
       Dagger            |       |    70 ||    70
 Fire: Shortbow          |    33 |   114 ||   147
  Use: Potion            |       |     5 ||     5
  Eat: Chunk             |     1 |     4 ||     5
Armor: Ring mail         |    25 |       ||    25
       Leather armour    |     4 |       ||     4
       Scale mail        |    56 |   126 ||   182
Dodge: Dodged            |    67 |    83 ||   150
